 Dungeon Crawl Stone Soup version 0.21-a0-78-g82a99e0 (webtiles) character file.

3231 Kidiri the Insei (level 9, 0/73 HPs)
             Began as a Demonspawn Transmuter on June 21, 2017.
             Was an Initiate of Wu Jian.
             Succumbed to a killer bee's poison
             ... on level 7 of the Dungeon.
             The game lasted 00:33:45 (11572 turns).

Kidiri the Insei (Demonspawn Transmuter)           Turns: 11572, Time: 00:33:46

Health: 0/73       AC:  2    Str: 14    XL:     9   Next: 66%
Magic:  16/17      EV: 21    Int: 16    God:    Wu Jian [......]
Gold:   352        SH:  0    Dex: 19    Spells: 3/18 levels left

rFire    . . .     SeeInvis +     - Unarmed
rCold    . . .     Gourm    .   (shield currently unavailable)
rNeg     . . .     Faith    .   (armour currently unavailable)
rPois    x         Spirit   .   (helmet currently unavailable)
rElec    .         Reflect  .   (cloak currently unavailable)
rCorr    .         Harm     .   (gloves currently unavailable)
MR       .....                  (boots currently unavailable)
Stlth    ++........             f - amulet of rage
HPRegen  0.22/turn              s - ring of see invisible
MPRegen  0.15/turn              (no ring)

@: lethally poisoned (0 -> -29), spider-form (expiring)
A: demonic guardian 1, robust 1, screaming 1, strong 1
a: End Transformation, Renounce Religion, Evoke Berserk Rage


You were on level 7 of the Dungeon.
You worshipped Wu Jian.
Wu Jian was noncommittal.
You were not hungry.
You were a venomous arachnid creature.
You visited 2 branches of the dungeon, and saw 8 of its levels.
You also visited: Sewer.

You collected 477 gold pieces.
You spent 125 gold pieces at shops.

Inventory:

Missiles
 a - 64 arrows
Armour
 b - a +1 robe (melded)
 v - a +0 helmet (melded)
 C - a +0 pair of gloves (melded)
 D - a +0 pair of boots (melded)
Jewellery
 f - an amulet of rage (around neck)
 g - an uncursed amulet of guardian spirit
 s - a ring of see invisible (left front leg)
Wands
 m - a wand of flame (31/48)
 x - a wand of confusion (34/48)
Scrolls
 i - 4 scrolls of remove curse
 j - 6 scrolls of teleportation
 n - a scroll of fog
 o - a scroll of recharging
 p - 2 scrolls of enchant weapon {unknown}
 q - 2 scrolls of fear
 t - a scroll of identify
 w - 2 scrolls of amnesia
Potions
 e - a potion of might
 h - a potion of mutation
 l - 5 potions of flight
 r - a potion of ambrosia
 u - a potion of resistance
 z - a potion of brilliance
 A - a potion of invisibility
Books
 c - a book of Changes

   Spells                             Type                      Level
   a - Beastly Appendage              Transmutation                1
   b - Sticks to Snakes               Transmutation                2
   c - Spider Form                    Transmutation/Poison         3
   d - Ice Form                       Ice/Transmutation            4
   e - Blade Hands                    Transmutation                5
 y - a book of Necromancy

   Spells                             Type                      Level
   a - Pain                           Necromancy                   1
   b - Animate Skeleton               Necromancy                   1
   c - Vampiric Draining              Necromancy                   3
   d - Regeneration                   Charms/Necromancy            3
   e - Animate Dead                   Necromancy                   4
   f - Control Undead                 Necromancy                   4
Comestibles
 k - 3 meat rations


   Skills:
 * Level 4.8 Fighting
 + Level 2.0 Armour
 + Level 2.9 Dodging
 + Level 2.3 Stealth
 * Level 6.1 Unarmed Combat
 * Level 5.4 Spellcasting
 * Level 5.6 Transmutations
 + Level 3.5 Ice Magic
 + Level 3.8 Poison Magic
 + Level 2.4 Evocations


You had 3 spell levels left.
You knew the following spells:

 Your Spells              Type           Power        Failure   Level  Hunger
a - Beastly Appendage     Tmut           ###...       6%          1    None
b - Sticks to Snakes      Tmut           ###.....     9%          2    #......
c - Spider Form           Tmut/Pois      ###.......   17%         3    ###....
d - Ice Form              Ice/Tmut       ###.....     43%         4    ####...
e - Blade Hands           Tmut           ###.......   58%         5    ######.


Dungeon Overview and Level Annotations

Branches:
Dungeon (7/15)             Temple (1/1) D:5

Altars:
Ashenzari
Cheibriados
Dithmenos
Elyvilon
Fedhas
Gozag
Hepliaklqana
Kikubaaqudgha
Makhleb
Nemelex Xobeh
Okawaru
Qazlal
Ru
Sif Muna
Trog
Uskayaw
Vehumet
Wu Jian
Xom
Yredelemnul
Zin
The Shining One

Shops:
D:6 ?=}*[


Innate Abilities, Weirdness & Mutations

((You have very sharp fingernails.))
((You have large cloven feet.))
A weak demonic guardian rushes to your aid.
((You are partially covered in sharp spines.))
((Your skin changes colour to match your surroundings (Stealth+).))
You are robust. (+10% HP)
You occasionally shout uncontrollably at your foes.
Your muscles are strong. (Str +2)


Message History

Your quasit completely misses the killer bee.
Your quasit claws the killer bee.
Your quasit closely misses the killer bee.
The killer bee stings your quasit but does no damage.
Your quasit bites the killer bee.
Your quasit closely misses the killer bee. x2
As you read the scroll of fear, it crumbles to dust.
You assume a fearsome visage.
Your ufetubus is unaffected.
Your quasit is unaffected.
The killer bee looks frightened! x3
* * * LOW HITPOINT WARNING * * *
You feel very sick.
You kill the killer bee!
The Council accepts your kill.
Your Armour skill increases to level 2!
You swap places.
* * * LOW HITPOINT WARNING * * *
You feel sick.
Unknown command.
You die...

#.##......##.##.# #....##.#
#.#######.##.##.# #...###.# ##'##
#.#..##.# ##..####.# ##...##
#.......# #........# ##.....##
#.#.###.# #........# ##.......##
#.......# #.#.##..##
#.........####...#######.......##
'.........'.......5.5†.†.y.......
#.........####..s#######.......##
##.......## ##..# #.......#
##.....## ##.# ###.##### ##...##
#.# #.# ##'## #.# #.# #.#######
#.# #.# #.#.....####.# #.#
##.........[#.# #.#
##....###.##.#.# #.# #


You could see a friendly quasit and a friendly ufetubus.

Vanquished Creatures
  An ice beast (D:4)
  A necrophage (D:6)
  A phantom (D:5)
  2 sky beasts
  2 ogres
  A centaur (D:6)
  A big kobold (D:7)
  5 bullfrogs
  Dowan (D:7)
  4 killer bees (D:7)
  2 scorpions
  4 wights (D:6)
  2 howler monkeys
  5 hounds
  2 orc priests
  2 orc wizards
  A centaur skeleton (D:5)
  A bullfrog skeleton (D:4)
  A jelly (D:5)
  An iguana (D:4)
  Ijyb (D:3)
  8 worker ants
  A hound skeleton (D:5)
  3 gnolls (D:6)
  9 adders
  2 shadow imps
  4 oozes (Sewer)
  An adder zombie (D:5)
  An adder skeleton (D:4)
  6 worms
  4 dart slugs
  17 leopard geckos
  19 orcs
  4 ball pythons
  15 bats
  10 giant cockroaches
  11 goblins
  9 hobgoblins
  11 jackals
  4 quokkas
  10 frilled lizards
  A jackal zombie (D:5)
  7 kobolds
  A quokka skeleton (D:4)
  3 rats
202 creatures vanquished.

Vanquished Creatures (collateral kills)
  Sigmund (D:3)
  2 water moccasins
  The ghost of Torious the Conjurer, an amateur DECj (D:4)
  Duvessa (D:7)
  An ogre (D:6)
  An ice beast (D:5)
  A crimson imp (D:7)
  A centaur skeleton (D:4)
  An iguana (D:5)
  An adder (D:3)
  An adder skeleton (D:4)
  A worm (D:4)
  A dart slug (D:4)
  A quokka (D:4)
  A bat (D:3)
16 creatures vanquished.

Grand Total: 218 creatures vanquished

Notes
Turn   | Place    | Note
-------+----------+-------------------------------------------
     0 | D:1      | Kidiri the Demonspawn Transmuter began the quest for the Orb.
     0 | D:1      | Reached XP level 1. HP: 15/15 MP: 3/3
   401 | D:1      | Gained mutation: A weak demonic guardian rushes to your aid. [demonic ancestry]
   401 | D:1      | Reached XP level 2. HP: 9/21 MP: 5/5
   414 | D:1      | Learned a level 2 spell: Sticks to Snakes
   894 | D:1      | Reached skill level 3 in Unarmed Combat
  1205 | D:1      | Gained mutation: You have sharp fingernails. [demonic ancestry]
  1205 | D:1      | Reached XP level 3. HP: 25/26 MP: 6/6
  1210 | D:1      | Learned a level 3 spell: Spider Form
  1982 | D:2      | Gained mutation: You are partially covered in sharp spines. [demonic ancestry]
  1982 | D:2      | Reached XP level 4. HP: 32/32 MP: 3/7
  2070 | D:2      | Gained mutation: You are robust. (+10% HP) [potion of mutation]
  2070 | D:2      | Gained mutation: You occasionally shout uncontrollably at your foes. [potion of mutation]
  2070 | D:2      | Gained mutation: Your skin changes colour to match your surroundings (Stealth+). [potion of mutation]
  2070 | D:2      | Gained mutation: Your muscles are strong. (Str +2) [potion of mutation]
  2858 | D:3      | Noticed Sigmund
  2866 | D:3      | Killed Sigmund
  2866 | D:3      | Reached skill level 4 in Unarmed Combat
  2866 | D:3      | Reached skill level 1 in Poison Magic
  2866 | D:3      | Reached XP level 5. HP: 40/41 MP: 6/9
  2869 | D:3      | Reached XP level 6. HP: 48/48 MP: 6/10
  2878 | D:3      | Learned a level 4 spell: Ice Form
  3077 | D:3      | Noticed Ijyb
  3083 | D:3      | Killed Ijyb
  3475 | D:4      | Noticed an ice beast
  3489 | D:4      | Killed an ice beast
  3522 | D:4      | Noticed Torious's ghost (amateur DECj)
  3523 | D:4      | Reached skill level 1 in Ice Magic
  3949 | D:4      | Reached XP level 7. HP: 48/56 MP: 8/12
  4350 | D:4      | Killed Torious's ghost
  5027 | D:5      | Entered Level 5 of the Dungeon
  5042 | D:5      | Found a staircase to the Ecumenical Temple.
  5302 | D:5      | Gained mutation: You have large cloven feet. [demonic ancestry]
  5302 | D:5      | Reached XP level 8. HP: 35/62 MP: 11/14
  5447 | D:5      | Found a bloodstained altar of Trog.
  5447 | D:5      | Found an iron altar of Okawaru.
  5479 | D:5      | Reached skill level 5 in Unarmed Combat
  5538 | D:5      | Found a glowing drain.
  5566 | Sewer    | Entered a sewer
  5594 | Sewer    | Learned a level 5 spell: Blade Hands
  6435 | Temple   | Entered the Ecumenical Temple
  6772 | D:5      | HP: 1/63 [acid (10)]
  7621 | D:6      | Found Cuavufra's Assorted Antiques.
  7629 | D:6      | Bought a scroll of identify for 50 gold pieces
  7629 | D:6      | Bought a potion of curing for 75 gold pieces
  7653 | D:6      | Reached skill level 1 in Evocations
  7667 | D:6      | Reached skill level 1 in Armour
  7667 | D:6      | Reached skill level 1 in Stealth
  7745 | D:6      | Reached skill level 5 in Transmutations
  7838 | D:6      | Found a sacrificial altar of Ru.
  7858 | D:6      | Found Risu's Armour Emporium.
  8104 | D:6      | Reached skill level 5 in Spellcasting
  8105 | D:6      | Found Ocow's Gadget Shoppe.
  8127 | D:6      | Found Erakam's Jewellery Shoppe.
  8239 | D:6      | Found Ytysch's Magic Scroll Shoppe.
  8256 | D:6      | Gained mutation: You have very sharp fingernails. [demonic ancestry]
  8256 | D:6      | Reached XP level 9. HP: 38/68 MP: 13/16
  8259 | D:6      | HP: 2/68 [gnoll/spear (10)]
  9475 | D:7      | Noticed Dowan
  9492 | D:7      | Killed Dowan
  9494 | D:7      | Noticed Duvessa
 10733 | D:7      | Reached skill level 6 in Unarmed Combat
 10936 | D:7      | Killed Duvessa
 11223 | D:7      | Found a stormy altar of Qazlal.
 11223 | D:7      | Found an ornate altar of the Wu Jian Council.
 11244 | D:7      | Became a worshipper of the Wu Jian Council
 11305 | D:7      | Found a glowing golden altar of the Shining One.
 11310 | D:7      | Found a glowing silver altar of Zin.
 11313 | D:7      | Found a basalt altar of Yredelemnul.
 11331 | D:7      | Found a shimmering altar of Xom.
 11571 | D:7      | HP: 3/73 [poisoned by a killer bee]
 11572 | D:7      | Succumbed to a killer bee's poison

Vault maps used:
D:1:      lightli_arrival_chessboard
D:2:      minmay_randomly_rotated_circles
D:3:      minmay_misc_feat_columns, uniq_sigmund, uniq_ijyb
D:4:      cheibrodos_helix_gallery
D:5:      grunt_temple_overflow_bloody_war, minmay_temple_entry_junction,
          first_bread, gup_sewer_entry_pipe, st_stairs_3
D:6:      serial_shops, shop, shop_fountains, shop, shop, kennysheep_little_box,
          nicolae_ru_awakened_eye
D:7:      grunt_temple_overflow_cloverleaf,
          chequers_temple_overflow_statue_of_worship, uniq_duvessa
Temple:   eino_temple_lava
Sewer:    sewer_fruit_machine

Skill      XL: |  1  2  3  4  5  6  7  8  9 |
---------------+----------------------------+-----
Transmutations | 2 3 4 5 |  5.6
Unarmed Combat | 3 4 5 6 |  6.1
Fighting       | 2 3 4 |  4.8
Spellcasting   | 3 4 5 |  5.4
Poison Magic   | 1 2 3 |  3.8
Ice Magic      | 1 2 3 |  3.5
Dodging        | 2 |  2.9
Evocations     | 1 2 |  2.4
Armour         | 1 2 |  2.0
Stealth        | 1 2 |  2.3

Action                   |  1- 3 |  4- 6 |  7- 9 || total
-------------------------+-------+-------+-------++-------
Melee: Unarmed           |   165 |   123 |   399 ||   687
       Kick              |     9 |       |     1 ||    10
       Headbutt          |     7 |       |       ||     7
       Punch             |     1 |       |     1 ||     2
 Cast: Beastly Appendage |    19 |       |       ||    19
       Spider Form       |     4 |    12 |    31 ||    47
       Ice Form          |       |     1 |     8 ||     9
  Use: Potion            |     2 |     2 |     6 ||    10
       Scroll            |     6 |     9 |     8 ||    23
 Stab: Sleeping          |     2 |     4 |     5 ||    11
       Distracted        |       |     2 |     2 ||     4
  Eat: Chunk             |     4 |     9 |    12 ||    25
       Fruit             |       |       |     3 ||     3
       Royal jelly       |       |       |     1 ||     1
       Bread ration      |       |       |     2 ||     2
       Meat ration       |       |       |     1 ||     1
Armor: Robe              |    28 |     4 |    21 ||    53
       Skin              |     1 |     3 |    31 ||    35
Dodge: Dodged            |   131 |    92 |   279 ||   502
